 Dungeon Crawl Stone Soup version 0.30-a0-1075-gcd70e7a56d (webtiles) character file.

Game seed: 8751087397356801621

30 graymark the Trooper (level 3, -2/34 HPs)
             Began as a Naga Berserker on Apr 14, 2023.
             Was a Follower of Trog.
             Slain by a worm (7 damage)
             ... on level 2 of the Dungeon.
             The game lasted 00:01:43 (1219 turns).

graymark the Trooper (Naga Berserker)               Turns: 1219, Time: 00:01:44

Health: -2/34      AC:  3    Str: 19    XL:     3   Next: 20%
Magic:  3/3        EV: 10    Int:  7    God:    Trog [*.....]
Gold:   70         SH:  0    Dex: 12    Spells: 2/2 levels left

rFire   . . .      SeeInvis +    a - +0 hand axe
rCold   . . .      Faith    .    (no shield)
rNeg    . . .      Spirit   .    b - +0 animal skin
rPois   +          Reflect  .    (no helmet)
rElec   .          Rampage  .    (no cloak)
rCorr   .                        e - +0 pair of gloves
Will    .....                    (no barding)
Stlth   +                        (no amulet)
HPRegen 0.25/turn                (no ring)
MPRegen 0.08/turn                (no ring)

@: very slow
A: AC +1, large, see invisible, deformed body, poison resistance, slowness 2,
spit poison 1, naga tail 1
a: Spit Poison, Renounce Religion, Berserk


You were on level 2 of the Dungeon.
You worshipped Trog.
Trog was aware of your devotion.
You visited 1 branch of the dungeon, and saw 2 of its levels.

You collected 70 gold pieces.

Inventory:

Hand Weapons
 a - a +0 hand axe (weapon)
Armour
 b - a +0 animal skin (worn)
 e - a +0 pair of gloves (worn)
Scrolls
 c - a scroll of enchant weapon {unknown}
Potions
 d - a potion of invisibility {unknown}
 f - a potion of lignification {unknown}
 g - a potion of cancellation {unknown}
 h - a potion of curing {unknown}


   Skills:
 + Level 3.4 Fighting
 + Level 3.4 Axes
 - Level 1.5 Armour
 + Level 2.1 Dodging


You had 2 spell levels left.
You didn't know any spells.
Your spell library was empty.

Dungeon Overview and Level Annotations

Branches:
Dungeon (2/15)

Altars:


Innate Abilities, Weirdness & Mutations

Your serpentine skin is tough. (AC +1)
You have supernaturally acute eyesight. (SInv)
Armour fits poorly on your strangely shaped body.
Your system is resistant to poisons. (rPois)
You cover ground very slowly.
You can spit poison.
You have a snake-like lower body.


Message History

Done exploring.
You see here a +0 robe.
There is a stone staircase leading down here.
You climb downwards.
There is a stone staircase leading up here.
g - a bubbling cyan potion
h - a red potion A worm comes into view.
Found a red potion.
You hit the worm.
The worm is lightly wounded.
The worm closely misses you.
You hit the worm.
The worm is lightly wounded.
The worm bites you.
You hit the worm.
The worm is lightly wounded.
You barely miss the worm.
The worm is lightly wounded.
The worm bites you!
You hit the worm.
The worm is moderately wounded.
The worm bites you.
You hit the worm.
The worm is heavily wounded.
You barely miss the worm.
The worm is heavily wounded.
The worm bites you!
You are too injured to fight recklessly!
You are too injured to fight recklessly!
You are too injured to fight recklessly!
You are too injured to fight recklessly!
You hit the worm.
The worm is severely wounded.
The worm bites you!
* * * LOW HITPOINT WARNING * * *
You hit the worm.
The worm is severely wounded.
The worm bites you!
You die...

##########
#........#
#.######.# #.#
#.# #.#
#.###########
#.#
#....@w...!..
#.#
###.#########
#.# #.#
##.########.#
#...........#
.###..#.#####..#
..<.....# #..#
.#.#.#### #..#
...#.#


You could see a worm.

Vanquished Creatures
  A gnoll (D:1)
  A ball python (D:1)
  2 giant cockroaches (D:1)
  A goblin (D:1)
  2 hobgoblins (D:1)
  5 jackals (D:1)
  2 bats (D:1)
  3 kobolds (D:1)
  2 rats (D:1)
19 creatures vanquished.

Notes
Turn   | Place    | Note
-------+----------+-------------------------------------------
     0 | D:1      | graymark the Naga Berserker began the quest for the Orb.
     0 | D:1      | Reached XP level 1. HP: 21/21 MP: 1/1
   341 | D:1      | Reached XP level 2. HP: 27/28 MP: 2/2
   659 | D:1      | Reached XP level 3. HP: 7/34 MP: 3/3
  1219 | D:2      | Slain by a worm

Illustrated notes

Levels and vault maps discovered:
D:1:      dpeg_arrival_water_fire, layout_basic
D:2:      layout_loops_ring, nicolae_hexahallways

Skill      XL: |  1  2 |
---------------+-------+-----
Dodging        | 2 |  2.1
Fighting       | |  3.4
Axes           | |  3.4
Armour         | |  1.5

Action                     || total
---------------------------++-------
  Melee: Hand axe          ||    97
         Punch             ||     2
 Armour: Animal skin       ||    24
  Dodge: Dodged            ||    72

Table legend: (Time is in decaauts)
 A = Elapsed time spent in this place.
 B = Non-inter-level travel time spent in this place.
 C = Inter-level travel time spent in this place.
 D = Time resting spent in this place.
 E = Time spent auto-exploring this place.
 F = Levels seen in this place.
 G = Mean time per level.
                   A        B        C        D        E       F      G
               +--------+--------+--------+--------+--------+-----+--------+
         Total |   1575 |   1490 |     85 |    168 |   1111 |   2 |  787.5 |
       Dungeon |   1575 |   1490 |     85 |    168 |   1111 |   2 |  787.5 |
               +--------+--------+--------+--------+--------+-----+--------+

Top non-repeatable levels by time:
     D:1: 1526 daAuts
     D:2: 49 daAuts
